TOP OF THE 1ST |
Princeton Rays batting - Pitching for Seattle (APP) Mariners : RHP Manny Ojeda
|
Pitching: RHP Manny Ojeda
|
|
Batting: SHB Luis Verduzco
|
0-0: Swinging Strike 0-1: Ball 1-1: Swinging Strike 1-2: Strikes out swinging
|
Batting: LHB Dave Northam
|
0-0: Ball 1-0: Called Strike 1-1: Foul Ball, location: 2F 1-2: Ground out 4-3 (Groundball, 4, EV 88.1 MPH)
|
Batting: RHB Tim Dower
|
0-0: Ball 1-0: Ball 2-0: Swinging Strike 2-1: Foul Ball, location: 2F 2-2: Strikes out swinging
|
Top of the 1st over - 0 runs, 0 hits, 0 errors, 0 left on base; Princeton 0 - Seattle (APP) 0 |
BOTTOM OF THE 1ST |
Seattle (APP) Mariners batting - Pitching for Princeton Rays : LHP Alex Pritchard
|
Pitching: LHP Alex Pritchard
|
|
Batting: RHB Carlton McDonald
|
0-0: Ball 1-0: Foul Ball, location: 2F 1-1: Foul Ball, location: 2F 1-2: Foul Ball, location: 2F 1-2: Strikes out swinging
|
Batting: RHB John Vasquez
|
0-0: Ground out 6-3 (Groundball, 6S, EV 81.9 MPH)
|
Batting: SHB Carlos Luna
|
0-0: Ball 1-0: Fly out, F9 (Line Drive, 89D, EV 93.1 MPH)
|
Bottom of the 1st over - 0 runs, 0 hits, 0 errors, 0 left on base; Princeton 0 - Seattle (APP) 0 |
TOP OF THE 2ND |
Princeton Rays batting - Pitching for Seattle (APP) Mariners : RHP Manny Ojeda
|
Batting: RHB Bobby Ross
|
0-0: Ball 1-0: Ball 2-0: Foul Ball, location: 2F 2-1: Swinging Strike 2-2: Strikes out swinging
|
Batting: RHB Wan-ling Zhu
|
0-0: Called Strike 0-1: Ball 1-1: Fly out, F8 (Flyball, 8LM, EV 84.4 MPH)
|
Batting: RHB Mikey Sano
|
0-0: Called Strike 0-1: Foul Ball, location: 2F 0-2: Ball 1-2: Ground out 5-3 (Groundball, 56, EV 90.6 MPH)
|
Top of the 2nd over - 0 runs, 0 hits, 0 errors, 0 left on base; Princeton 0 - Seattle (APP) 0 |
BOTTOM OF THE 2ND |
Seattle (APP) Mariners batting - Pitching for Princeton Rays : LHP Alex Pritchard
|
Batting: RHB Chris Van Niel
|
0-0: Foul Ball, location: 2F 0-1: Swinging Strike 0-2: Strikes out swinging
|
Batting: RHB Nick Ellis
|
0-0: Ball 1-0: Fly out, F7 (Flyball, 7D, EV 79.4 MPH)
|
Batting: RHB Joaquin Salazar
|
0-0: Foul Ball, location: 2F 0-1: Ball 1-1: Called Strike 1-2: Ball 2-2: Fly out, F4 (Popup, 23, EV 91.9 MPH)
|
Bottom of the 2nd over - 0 runs, 0 hits, 0 errors, 0 left on base; Princeton 0 - Seattle (APP) 0 |
TOP OF THE 3RD |
Princeton Rays batting - Pitching for Seattle (APP) Mariners : RHP Manny Ojeda
|
Batting: LHB Eduardo Lopez
|
0-0: Foul Ball, location: 2F 0-1: Called Strike 0-2: SINGLE (Groundball, 25, EV 65.6 MPH) (infield hit)
|
Batting: RHB Bogumil Filipowski
|
0-0: Called Strike 0-1: Called Strike 0-2: Foul Ball, location: 2F 0-2: Ball 1-2: Fly out, F7 (Line Drive, 7, EV 93.8 MPH)
|
Batting: RHB Dave Valdez
|
0-0: Ball Eduardo Lopez is caught stealing 2nd base 2-4 1-0: Ground out 4-3 (Groundball, 4S, EV 68.8 MPH)
|
Top of the 3rd over - 0 runs, 1 hit, 0 errors, 0 left on base; Princeton 0 - Seattle (APP) 0 |
BOTTOM OF THE 3RD |
Seattle (APP) Mariners batting - Pitching for Princeton Rays : LHP Alex Pritchard
|
Batting: LHB Prince Nunley
|
0-0: Ground out 4-3 (Groundball, 34, EV 98.1 MPH)
|
Batting: LHB Yoshihisa Kobayashi
|
0-0: Called Strike 0-1: Foul Ball, location: 2F 0-2: Foul Ball, location: 2F 0-2: Ball 1-2: Foul Ball, location: 2F 1-2: Foul Ball, location: 2F 1-2: Ball 2-2: Strikes out swinging
|
Batting: RHB Josh Carpenter
|
0-0: Ball 1-0: Swinging Strike 1-1: Ball 2-1: Foul Ball, location: 2F 2-2: Foul Ball, location: 2F 2-2: Ball 3-2: Base on Balls
|
Batting: RHB Carlton McDonald
|
0-0: Called Strike 0-1: Foul Ball, location: 2F 0-2: Ball Wild Pitch! Josh Carpenter to second 1-2: Fly out, F7 (Flyball, 78M, EV 86.9 MPH)
|
Bottom of the 3rd over - 0 runs, 0 hits, 0 errors, 1 left on base; Princeton 0 - Seattle (APP) 0 |
TOP OF THE 4TH |
Princeton Rays batting - Pitching for Seattle (APP) Mariners : RHP Manny Ojeda
|
Batting: SHB Luis Verduzco
|
0-0: Foul Ball, location: 2F 0-1: Ball 1-1: Ball 2-1: Foul Ball, location: 2F 2-2: Strikes out swinging
|
Batting: LHB Dave Northam
|
0-0: Called Strike 0-1: Ball 1-1: Fly out, F9 (Flyball, 9S, EV 91.2 MPH)
|
Batting: RHB Tim Dower
|
0-0: Ball 1-0: Ball 2-0: Called Strike 2-1: Ball 3-1: Called Strike 3-2: Foul Ball, location: 2F 3-2: Ground out 6-3 (Groundball, 56, EV 106.2 MPH)
|
Top of the 4th over - 0 runs, 0 hits, 0 errors, 0 left on base; Princeton 0 - Seattle (APP) 0 |
BOTTOM OF THE 4TH |
Seattle (APP) Mariners batting - Pitching for Princeton Rays : LHP Alex Pritchard
|
Batting: RHB John Vasquez
|
0-0: Foul Ball, location: 2F 0-1: Swinging Strike 0-2: Foul Ball, location: 2F 0-2: Ball 1-2: Ground out 4-3 (Groundball, 4, EV 85.0 MPH)
|
Batting: SHB Carlos Luna
|
0-0: Ground out 6-3 (Groundball, 6, EV 82.5 MPH)
|
Batting: RHB Chris Van Niel
|
0-0: Called Strike 0-1: Foul Ball, location: 2F 0-2: Ground out 5-3 (Groundball, 56, EV 83.8 MPH)
|
Bottom of the 4th over - 0 runs, 0 hits, 0 errors, 0 left on base; Princeton 0 - Seattle (APP) 0 |
TOP OF THE 5TH |
Princeton Rays batting - Pitching for Seattle (APP) Mariners : RHP Manny Ojeda
|
Batting: RHB Bobby Ross
|
0-0: Foul Ball, location: 2F 0-1: Swinging Strike 0-2: Ground out 4-3 (Groundball, 4, EV 80.0 MPH)
|
Batting: RHB Wan-ling Zhu
|
0-0: Ground out 4-3 (Groundball, 4M, EV 100.6 MPH)
|
Batting: RHB Mikey Sano
|
0-0: Ball 1-0: SINGLE (Line Drive, 6MD, EV 101.9 MPH)
|
Batting: LHB Eduardo Lopez
|
0-0: Ball 1-0: Ball 2-0: Ball 3-0: Base on Balls Mikey Sano to second
|
Batting: RHB Bogumil Filipowski
|
0-0: Ball 1-0: Ball 2-0: Fly out, F2 (Popup, 15S, EV 94.4 MPH)
|
Top of the 5th over - 0 runs, 1 hit, 0 errors, 2 left on base; Princeton 0 - Seattle (APP) 0 |
BOTTOM OF THE 5TH |
Seattle (APP) Mariners batting - Pitching for Princeton Rays : LHP Alex Pritchard
|
Batting: RHB Nick Ellis
|
0-0: Called Strike 0-1: Foul Ball, location: 2F 0-2: Ball 1-2: Ball 2-2: Foul Ball, location: 2F 2-2: Strikes out swinging
|
Batting: RHB Joaquin Salazar
|
0-0: Foul Ball, location: 2F 0-1: Called Strike 0-2: Ball 1-2: Ball 2-2: Strikes out swinging
|
Batting: LHB Prince Nunley
|
0-0: Foul Ball, location: 2F 0-1: Ball 1-1: Ground out U3 (Groundball, 3L, EV 90.6 MPH)
|
Bottom of the 5th over - 0 runs, 0 hits, 0 errors, 0 left on base; Princeton 0 - Seattle (APP) 0 |
TOP OF THE 6TH |
Princeton Rays batting - Pitching for Seattle (APP) Mariners : RHP Manny Ojeda
|
Batting: RHB Dave Valdez
|
0-0: Foul Ball, location: 2F 0-1: Foul Ball, location: 2F 0-2: Strikes out looking
|
Batting: SHB Luis Verduzco
|
0-0: Ball 1-0: Ball 2-0: Foul Ball, location: 2F 2-1: Fly out, F9 (Flyball, 9, EV 95.0 MPH)
|
Batting: LHB Dave Northam
|
0-0: Called Strike 0-1: Fly out, F8 (Flyball, 8RXD, EV 81.9 MPH)
|
Top of the 6th over - 0 runs, 0 hits, 0 errors, 0 left on base; Princeton 0 - Seattle (APP) 0 |
BOTTOM OF THE 6TH |
Seattle (APP) Mariners batting - Pitching for Princeton Rays : LHP Alex Pritchard
|
Batting: LHB Yoshihisa Kobayashi
|
0-0: Foul Ball, location: 2F 0-1: Ground out 4-3 (Groundball, 34, EV 105.6 MPH)
|
Batting: RHB Josh Carpenter
|
0-0: Swinging Strike 0-1: Fly out, F8 (Flyball, 8LM, EV 85.0 MPH)
|
Batting: RHB Carlton McDonald
|
0-0: Called Strike 0-1: Ball 1-1: Swinging Strike 1-2: Foul Ball, location: 2F 1-2: Ball 2-2: Ground out 5-3 (Groundball, 56S, EV 78.1 MPH)
|
Bottom of the 6th over - 0 runs, 0 hits, 0 errors, 0 left on base; Princeton 0 - Seattle (APP) 0 |
TOP OF THE 7TH |
Princeton Rays batting - Pitching for Seattle (APP) Mariners : RHP Manny Ojeda
|
Batting: RHB Tim Dower
|
0-0: SOLO HOME RUN (Flyball, 78XD, EV 108.8 MPH), Distance : 414 ft
|
Batting: RHB Bobby Ross
|
0-0: Ball 1-0: Ball 2-0: Ball 3-0: Called Strike 3-1: SINGLE (Groundball, 56D, EV 100.6 MPH)
|
Batting: RHB Wan-ling Zhu
|
0-0: Ball Wild Pitch! Bobby Ross to second 1-0: Called Strike 1-1: Ball 2-1: Foul Ball, location: 2F 2-2: Foul Ball, location: 2F 2-2: Foul Ball, location: 2F 2-2: Foul Ball, location: 2F 2-2: Ball 3-2: Foul Ball, location: 2F 3-2: Ground out 6-3 (Groundball, 6, EV 85.6 MPH)
|
Batting: RHB Mikey Sano
|
0-0: Called Strike 0-1: Ball 1-1: Ground out 4-3 (Groundball, 4M, EV 86.9 MPH) Bobby Ross to third
|
Pinch Hitting: LHB Oscar Curiel
|
0-0: Ball 1-0: Foul Ball, location: 2F 1-1: Ball 2-1: Ball 3-1: Swinging Strike 3-2: Foul Ball, location: 2F 3-2: Strikes out swinging
|
Top of the 7th over - 1 run, 2 hits, 0 errors, 1 left on base; Princeton 1 - Seattle (APP) 0 |
BOTTOM OF THE 7TH |
Seattle (APP) Mariners batting - Pitching for Princeton Rays : LHP Alex Pritchard
|
Now in CF: Tim Dower
|
|
Now in RF: Sean Boenig
|
|
Batting: RHB John Vasquez
|
0-0: Foul Ball, location: 2F 0-1: Foul Ball, location: 2F 0-2: Foul Ball, location: 2F 0-2: Ball 1-2: Ground out 5-3 (Groundball, 5, EV 86.9 MPH)
|
Batting: SHB Carlos Luna
|
0-0: Ball 1-0: Ball 2-0: Called Strike 2-1: Fly out, F5 (Line Drive, 5, EV 67.5 MPH)
|
Batting: RHB Chris Van Niel
|
0-0: Called Strike 0-1: Ball 1-1: Ball 2-1: Foul Ball, location: 2F 2-2: Ball 3-2: Fly out, F7 (Flyball, 78M, EV 88.8 MPH)
|
Bottom of the 7th over - 0 runs, 0 hits, 0 errors, 0 left on base; Princeton 1 - Seattle (APP) 0 |
TOP OF THE 8TH |
Princeton Rays batting - Pitching for Seattle (APP) Mariners : RHP Manny Ojeda
|
Pitching: RHP Domingo Maldonado
|
|
Batting: RHB Bogumil Filipowski
|
0-0: Ball 1-0: Called Strike 1-1: Swinging Strike 1-2: Ball 2-2: Strikes out swinging
|
Batting: RHB Dave Valdez
|
0-0: Ball 1-0: Foul Ball, location: 2F 1-1: Foul Ball, location: 2F 1-2: Ball 2-2: Fly out, F8 (Line Drive, 8LS, EV 93.8 MPH)
|
Batting: SHB Luis Verduzco
|
0-0: Foul Ball, location: 2F 0-1: Ground out 5-3 (Groundball, 56, EV 97.5 MPH)
|
Top of the 8th over - 0 runs, 0 hits, 0 errors, 0 left on base; Princeton 1 - Seattle (APP) 0 |
BOTTOM OF THE 8TH |
Seattle (APP) Mariners batting - Pitching for Princeton Rays : LHP Alex Pritchard
|
Batting: RHB Nick Ellis
|
0-0: Swinging Strike 0-1: Called Strike 0-2: Foul Ball, location: 2F 0-2: Ball 1-2: Foul Ball, location: 2F 1-2: Ball 2-2: SINGLE (Groundball, 6MD, EV 96.9 MPH)
|
Pitching: RHP J.P. Taylor
|
|
Batting: RHB Joaquin Salazar
|
0-0: Bunt missed! 0-1: Sac Bunt to 2L - play at first, batter OUT! 2-3 Nick Ellis to second
|
Pitching: RHP Jesus Valdivia
|
|
Batting: LHB Prince Nunley
|
0-0: Foul Ball, location: 2F 0-1: Foul Ball, location: 2F 0-2: Strikes out swinging
|
Batting: LHB Yoshihisa Kobayashi
|
0-0: Ball 1-0: Foul Ball, location: 2F 1-1: Fly out, F6 (Line Drive, 4MD, EV 70.0 MPH)
|
Bottom of the 8th over - 0 runs, 1 hit, 0 errors, 1 left on base; Princeton 1 - Seattle (APP) 0 |
TOP OF THE 9TH |
Princeton Rays batting - Pitching for Seattle (APP) Mariners : RHP Domingo Maldonado
|
Batting: LHB Dave Northam
|
0-0: Swinging Strike 0-1: Foul Ball, location: 2F 0-2: Foul Ball, location: 2F 0-2: Strikes out swinging
|
Batting: RHB Tim Dower
|
0-0: Ball 1-0: Ball 2-0: Ball 3-0: Base on Balls
|
Batting: RHB Bobby Ross
|
0-0: Ball 1-0: Foul Ball, location: 2F 1-1: 2-RUN HOME RUN (Flyball, 7LD, EV 94.4 MPH), Distance : 350 ft
|
Batting: RHB Wan-ling Zhu
|
0-0: Ball 1-0: Ball 2-0: Ball 3-0: Base on Balls
|
Pitching: RHP Ruben Mendoza
|
|
Batting: RHB Mikey Sano
|
0-0: Fly out, F9 (Flyball, 9, EV 85.6 MPH)
|
Batting: LHB Sean Boenig
|
0-0: Ball 1-0: Ball 2-0: Ball 3-0: Called Strike 3-1: Ground out 4-3 (Groundball, 4, EV 85.6 MPH)
|
Top of the 9th over - 2 runs, 1 hit, 0 errors, 1 left on base; Princeton 3 - Seattle (APP) 0 |
BOTTOM OF THE 9TH |
Seattle (APP) Mariners batting - Pitching for Princeton Rays : RHP Jesus Valdivia
|
Pitching: RHP Matt Roberts
|
|
Pinch Hitting: RHB Nick Edmunds
|
0-0: Ball 1-0: Foul Ball, location: 2F 1-1: Ball 2-1: Foul Ball, location: 2F 2-2: Foul Ball, location: 2F 2-2: Ball 3-2: Fly out, F7 (Flyball, 7, EV 80.0 MPH)
|
Batting: RHB Carlton McDonald
|
0-0: Called Strike 0-1: Swinging Strike 0-2: Ball 1-2: Ball 2-2: Foul Ball, location: 2F 2-2: Ball 3-2: Fly out, F7 (Flyball, 78M, EV 89.4 MPH)
|
Batting: RHB John Vasquez
|
0-0: Ball 1-0: Ball 2-0: Swinging Strike 2-1: Ground out 6-3 (Groundball, 6, EV 84.4 MPH)
|
Bottom of the 9th over - 0 runs, 0 hits, 0 errors, 0 left on base; Princeton 3 - Seattle (APP) 0 |
|